Map: Rifts to Korhal

Players

NamroodTuo

  • Race: Zerg Zerg
  • Spawn Location: 7:00

Snowstorm

  • Race: Zerg Zerg
  • Spawn Location: 7:00

VOD

Have the link to the VOD?

Description

Time

  • Played on: Jan. 10, 2023, 8:01 a.m.
  • Length: 28:51
Show
View Real Time Build Order
Export as new Build Order

NamroodTuo Zerg 

Build Orders:  

Get SALT Encoding   

  12  0:05  Drone  
  13  0:14  Drone  
  14  0:30  Overlord  
  14  0:57  Drone  
  15  1:00  Drone  
  15  1:02  Drone  
  17  1:23  Spawning Pool  
  17  1:28  Drone  
  10  1:30  Drone  
  17  1:36  Overlord  
  18  1:49  Drone  
  19  2:04  Drone  
  20  2:19  Zergling x2  
  21  2:38  Zergling x2  
  1  4:12  Drone  
  1  4:13  Drone  
  1  4:14  Drone x4  
  7  4:30  Drone  
  8  4:50  Drone  
  9  5:05  Drone  
  10  5:14  Drone  
  11  5:30  Drone  
  12  5:45  Extractor  
  11  5:57  Drone  
  12  6:08  Extractor  
  11  6:11  Drone  
  12  6:26  Drone  
  13  6:54  Drone x2  
  15  7:12  Metabolic Boost  
  15  7:14  Zergling x2  
  15  7:15  Zergling x2  
  17  7:35  Drone  
  18  7:52  Drone  
  18  7:59  Drone  
  20  8:15  Drone  
  21  8:34  Zergling x2  
  22  8:53  Drone  
  22  8:56  Evolution Chamber  
  22  9:47  Drone  
  22  9:48  Drone x3  
  26  9:52  Lair  
  26  10:00  Zerg Melee Weapons Level 1  
  26  10:21  Zergling x2  
  26  10:22  Zergling x2  
  28  10:45  Drone x2  
  30  11:16  Hatchery  
  30  11:17  Drone  
  30  11:27  Overlord  
  30  11:34  Overlord  
  30  11:43  Hardened Carapace  
  25  12:37  Drone  
  25  12:38  Drone  
  27  12:40  Zerg Missile Weapons Level 1  
  27  12:44  Drone x2  
  27  12:45  Drone  
  27  12:46  Overlord x2  
  30  12:58  Hive  
  30  13:34  Zergling x4  
  30  13:35  Zergling x6  
  30  13:36  Drone x2  
  37  14:05  Adrenal Overload  
  37  14:26  Drone x2  
  37  14:27  Drone x4  
  43  14:36  Zergling x4  
  40  15:05  Shredding Claws  
  40  15:13  Zergling x2  
  40  15:14  Zergling x8  
  45  15:20  Zerg Ground Armor Level 1  
  45  15:31  Drone  
  45  15:36  Zergling x4  
  48  16:17  Zergling x6  
  48  16:18  Zergling x6  
  53  16:41  Drone  
  53  16:48  Overlord x3  
  54  17:23  Zergling x6  
  54  17:24  Zergling x2  
  58  17:33  Drone  
  59  18:00  Heroic Fortitude  
  59  18:02  Unknown, Ventral Sacs  
  52  18:20  Zergling x10  
  52  18:21  Zergling x4  
  59  18:33  Lair  
  59  18:46  Spine Crawler  
  59  18:49  Spine Crawler  
  115  19:00  Zerg Melee Weapons Level 2  
  39  19:30  Zergling x2  
  39  19:31  Zergling x4  
  39  19:32  Zergling x8  
  39  19:33  Zergling x4  
  48  19:54  Hydralisk Den  
  41  21:21  Hydralisk x5  
  41  21:22  Hydralisk x4  
  41  21:23  Hydralisk x3  
  65  21:40  Drone  
  63  22:08  Hydralisk x4  
  63  22:09  Hydralisk, Zerg Missile Weapons Level 2  
  73  22:21  Hydralisk  
  73  22:29  Overlord  
  75  23:10  Hydralisk  
  75  23:11  Hydralisk x5  
  87  23:40  Hydralisk  
  87  23:41  Hydralisk x3  
  95  23:54  Muscular Augments  
  95  24:01  Hive  
  95  24:03  Hydralisk  
  95  24:04  Hydralisk  
  99  24:24  Overlord  
  99  24:25  Overlord x3  
  99  25:09  Hydralisk x3  
  105  25:10  Hydralisk x3  
  105  25:19  Zerg Ground Armor Level 2  
  81  26:08  Hydralisk  
  81  26:09  Hydralisk x6  
  65  26:33  Hydralisk  
  65  26:34  Hydralisk  
  57  27:12  Hydralisk  
  57  27:13  Hydralisk x2  
  47  27:52  Drone x2  
  47  27:55  Hydralisk x3  
Show
View Real Time Build Order
Export as new Build Order

Snowstorm Zerg 

Build Orders:  

Get SALT Encoding   

  6  0:10  Drone x2  
  6  0:18  Drone x2  
  8  0:27  Drone x2  
  9  0:41  Drone x2  
  9  0:46  Drone x2  
  11  0:54  Drone x2  
  12  1:02  Drone x2  
  12  1:08  Drone x2  
  14  1:19  Extractor  
  13  1:25  Extractor  
  13  1:30  Drone x2  
  14  1:43  Spawning Pool  
  13  1:52  Evolution Chamber  
  13  2:09  Drone x2  
  14  2:17  Overlord x2  
  14  2:18  Overlord  
  14  2:42  Queen  
  14  2:43  Swarmling x12  
  20  2:55  Swarmling x3  
  20  2:56  Swarmling x3  
  18  3:10  Swarmling x3  
  15  3:38  Baneling Nest  
  14  3:48  Swarmling x3  
  14  3:49  Swarmling x9  
  14  4:14  Heroic Fortitude  
  14  4:17  Metabolic Boost  
  14  4:32  Swarmling x3  
  14  4:33  Swarmling x30  
  33  5:02  Swarmling x3  
  33  5:03  Swarmling x6  
  38  5:32  Lair  
  22  6:16  Swarmling x3  
  22  6:17  Swarmling x24  
  37  6:27  Overlord  
  37  6:28  Overlord x4  
  37  6:53  Centrifugal Hooks  
  38  7:02  Swarmling x3  
  38  7:03  Aberration x2  
  38  7:06  Hardened Carapace  
  49  8:03  Unknown, Aberration, Zerg Ground Armor Level 1  
  52  8:15  Scourge Nest  
  49  8:28  Aberration  
  49  8:29  Unknown  
  51  9:01  Overseer  
  51  9:03  Overseer  
  51  9:07  Overlord x2  
  51  9:09  Aberration  
  52  9:52  Corrosive Acid  
  54  10:04  Swarmling x3  
  54  10:05  Swarmling x15  
  63  10:18  Drone x2  
  64  10:27  Drone x2  
  67  10:34  Hive  
  67  10:43  Medusa Blades  
  69  11:08  Drone x2  
  70  11:17  Hatchery  
  70  11:18  Extractor  
  69  11:25  Extractor  
  71  11:30  Hatchery  
  72  11:58  Unknown  
  63  12:13  Protective Cover  
  67  12:29  Unknown x2  
  69  12:47  Scourge x2  
  35  13:05  Unknown  
  33  13:28  Drone x2  
  33  13:29  Drone x10  
  41  13:33  Drone x2  
  41  13:34  Drone x2  
  41  13:35  Unknown  
  41  13:36  Drone x4  
  45  13:44  Drone x2  
  45  13:46  Queen  
  49  14:08  Aberration  
  52  14:20  Drone x6  
  61  14:42  Unknown  
  61  14:43  Unknown  
  61  14:53  Swarmling x3  
  61  14:54  Swarmling x36  
  82  15:08  Roach x8  
  82  15:09  Roach x12  
  77  15:21  Aberration  
  77  15:22  Aberration x2  
  77  15:26  Overlord  
  77  15:27  Overlord x2  
  78  16:00  Aberration  
  78  16:01  Aberration x2  
  79  16:47  Swarmling x3  
  79  16:48  Swarmling x36  
  98  16:53  Unknown  
  98  16:54  Adrenal Overload  
  99  17:02  Virulent Spores  
  89  17:54  Shredding Claws  
  89  18:02  Zerg Flyer Weapons Level 1  
  81  18:21  Roach x2  
  81  18:22  Roach x14, Aberration x2  
  81  18:23  Roach x4, Aberration x4  
  99  18:37  Scourge x2  
  85  19:12  Swarmling x3  
  85  19:13  Swarmling x9  
  85  19:14  Swarmling x3  
  85  19:15  Swarmling x12  
  99  20:01  Scourge x2  
  77  20:24  Scourge x2  
  77  20:28  Scourge x2  
  75  20:37  Unknown, Zerg Ground Armor Level 2  
  71  20:42  Zerg Flyer Armor Level 1  
  64  20:53  Scourge x4  
  52  21:34  Swarmling x3  
  52  21:35  Swarmling x15  
  52  21:36  Swarmling x9  
  52  21:37  Unknown, Swarmling x9  
  52  21:38  Unknown x5  
  64  22:09  Aberration  
  134  22:10  Aberration x2  
  68  22:11  Aberration x3  
  83  22:23  Swarmling x3  
  83  22:24  Roach x8, Swarmling x9  
  83  22:25  Roach x12  
  91  22:32  Swarmling x3  
  91  22:33  Swarmling x3  
  91  22:34  Swarmling x3  
  91  22:38  Unknown, Swarmling x3  
  99  22:45  Scourge x2  
  84  23:12  Scourge x2  
  81  23:21  Scourge x2  
  69  23:55  Aberration x2  
  69  23:56  Aberration x7  
  100  24:16  Unknown x2  
  100  24:21  Zerg Flyer Weapons Level 2  
  100  24:24  Zerg Ground Armor Level 3  
  100  24:29  Rupture  
  91  25:14  Scourge x2  
  87  25:28  Swarmling x3  
  87  25:29  Swarmling x15  
  85  25:30  Swarmling x3  
  85  25:31  Swarmling x15  
  85  25:33  Swarmling x18  
  78  25:51  Swarmling x3  
  78  25:52  Swarmling x15  
  78  25:53  Scourge x2  
  78  25:55  Swarmling x6, Scourge x2  
  78  25:57  Swarmling x6  
  72  26:11  Scourge x2  
  72  26:15  Scourge x2  
  72  26:17  Scourge x2  
  52  26:30  Overlord x2  
  42  26:44  Hatchery  
  40  26:51  Hatchery  
  40  26:52  Swarmling x15  
  46  27:09  Roach x12  
  57  27:10  Roach x8  
  57  27:16  Aberration x4  
  57  27:17  Aberration x2  
  57  27:19  Unknown x2  
  74  27:20  Unknown x4, Swarmling x3  
  74  27:21  Swarmling x24  
  95  27:40  Unknown  
  95  27:41  Unknown  
  95  27:42  Unknown  
  79  27:57  Swarmling x3  
  79  27:58  Swarmling x6  
  84  28:00  Swarmling x3  
  84  28:01  Swarmling x27  
  84  28:04  Scourge x2  
Tags
 
Matchup
Co-op
Replay Pack
Multiplayer
Add a new tag
Caveats
  • Supply blocks, unpowered buildings, or Contaminate may cause inaccurate times.
  • Supply counts are checked every 10 seconds.